 Dungeon Crawl Stone Soup version 0.26-a0-651-gb41185065b (webtiles) character file.

Game seed: 3124649075202242474

16 Lanoc the Poker (level 2, 0/24 HPs)
             Began as a Merfolk Monk on Oct 20, 2020.
             Slain by a goblin (4 damage)
             ... led by Robin
             ... on level 2 of the Dungeon.
             The game lasted 00:00:38 (284 turns).

Lanoc the Poker (Merfolk Monk)                       Turns: 284, Time: 00:00:39

Health: 0/24       AC:  2    Str: 11    XL:     2   Next: 58%
Magic:  2/2        EV: 14    Int:  9    God:
Gold:   28         SH:  0    Dex: 16    Spells: 1/1 levels left

rFire    + . .     SeeInvis .   a - +0 spear
rCold    + . .     Faith    .   (no shield)
rNeg     . . .     Spirit   .   b - +0 robe
rPois    +         Reflect  .   (no helmet)
rElec    +         Harm     .   (no cloak)
rCorr    +         Rampage  .   (no gloves)
MR       .....                  (no boots)
Stlth    ++........             (no amulet)
HPRegen  0.08/turn              (no ring)
MPRegen  0.08/turn              (no ring)

@: resistant
A: change form in water, swift swim, stealthy swim
a: no special abilities


You were on level 2 of the Dungeon.
You visited 1 branch of the dungeon, and saw 2 of its levels.

You collected 28 gold pieces.

Inventory:

Hand Weapons
 a - a +0 spear (weapon)
Armour
 b - a +0 robe (worn)
Scrolls
 e - a scroll of amnesia {unknown}
Potions
 d - a potion of flight {unknown}
 f - a potion of lignification {unknown}
 g - a potion of ambrosia {unknown}


   Skills:
 + Level 3.5 Fighting
 * Level 5.1 Polearms
 + Level 4.3 Dodging
 - Level 2.1 Stealth


You had one spell level left.
You didn't know any spells.
Your spell library was empty.

Dungeon Overview and Level Annotations

Branches:
Dungeon (2/15)

Altars:

Annotations:
D:2 Robin


Message History

The goblin hits you but does no damage.
You barely miss the goblin. The hobgoblin hits you with a +0 club.
Robin throws the goblin at you!
You closely miss the goblin. The goblin closely misses you.
The goblin hits you with a +0 dagger.
* * * LOW HITPOINT WARNING * * *
A hobgoblin comes into view. It is wielding a +0 club.
The hobgoblin hits you with a +0 club.
* * * LOW HITPOINT WARNING * * *
You barely miss the goblin.
A goblin comes into view. It is wielding a +0 dagger.
The goblin completely misses you. The goblin barely misses you.
The goblin closely misses you.
You barely miss the goblin. The hobgoblin closely misses you.
The goblin barely misses you. The goblin completely misses you.
The goblin barely misses you.
It was a potion of resistance.
You feel protected. The goblin hits you.
You die...

.. ... . # .#
.[ .. #... ..
... .#. . ###
.... !.#....
.....#..#.#####
+....ggg.......
#g##.#####
#g@g......
##g#.###..
#..... ##...##
...# ....#
#...# ....


You could see Robin, 2 hobgoblins and 4 goblins.

Vanquished Creatures
  An ooze (D:1)
  A leopard gecko (D:1)
  A hobgoblin (D:1)
  A bat (D:1)
  A frilled lizard (D:1)
  3 goblins
  2 kobolds (D:1)
  3 rats (D:1)
13 creatures vanquished.

Notes
Turn   | Place    | Note
-------+----------+-------------------------------------------
     0 | D:1      | Lanoc the Merfolk Monk began the quest for the Orb.
     0 | D:1      | Reached XP level 1. HP: 18/18 MP: 1/1
   105 | D:1      | Reached XP level 2. HP: 24/24 MP: 2/2
   263 | D:1      | Reached skill level 5 in Polearms
   275 | D:2      | Noticed Robin
   284 | D:2      | Slain by a goblin

Illustrated notes

Levels and vault maps discovered:
D:1:      dpeg_arrival_water_temple_mockup, layout_rooms
D:2:      layout_basic, serial_undead, serial_undead_b, serial_undead_e,
          serial_undead_c, serial_undead_d, serial_undead_c, serial_undead_e,
          serial_undead_b, serial_undead_d, serial_undead_e, serial_undead_b,
          uniq_robin

Skill      XL: |  1  2 |
---------------+-------+-----
Polearms       | 5 |  5.1
Fighting       | |  3.5
Dodging        | |  4.3
Stealth        | |  2.1

Action                   || total
-------------------------++-------
Melee: Spear             ||    55
  Use: Potion            ||     1
 Stab: Sleeping          ||     3
Armor: Robe              ||     2
Dodge: Dodged            ||    41

Table legend: (Time is in decaauts)
 A = Elapsed time spent in this place.
 B = Non-inter-level travel time spent in this place.
 C = Inter-level travel time spent in this place.
 D = Time resting spent in this place.
 E = Time spent auto-exploring this place.
 F = Levels seen in this place.
 G = Mean time per level.
                   A        B        C        D        E       F      G
               +--------+--------+--------+--------+--------+-----+--------+
         Total |    275 |    263 |     12 |      0 |    174 |   2 |  137.5 |
       Dungeon |    275 |    263 |     12 |      0 |    174 |   2 |  137.5 |
               +--------+--------+--------+--------+--------+-----+--------+

Top non-repeatable levels by time:
     D:1: 264 daAuts
     D:2: 11 daAuts
